 Dungeon Crawl Stone Soup version 0.24-a0-496-gbe733cd003 (webtiles) character file.

Game seed: 216377445137414608

19903 1994 the Grappler (level 12, -8/132 HPs)
             Began as an Ogre Transmuter on July 12, 2019.
             Was an Elder of Makhleb.
             Hit by a silver javelin thrown by a minotaur (33 damage)
             ... in a Gauntlet on July 13, 2019.
             The game lasted 00:56:58 (18357 turns).

1994 the Grappler (Ogre Transmuter)                Turns: 18357, Time: 00:56:59

Health: -8/132     AC:  6    Str: 22    XL:     12   Next: 73%
Magic:  7/24       EV: 13    Int: 23    God:    Makhleb [****..]
Gold:   890        SH:  2    Dex:  9    Spells: 12/27 levels left

rFire    + + .     SeeInvis .     - Unarmed
rCold    + . .     Gourm    .   (shield currently unavailable)
rNeg     . . .     Faith    .   G - +1 robe
rPois    .         Spirit   .   (helmet restricted)
rElec    .         Reflect  +   S - +1 cloak of Intercession {*Contam rF++ rC+ rCorr}
rCorr    +         Harm     .   (gloves unavailable)
MR       +....     NoTele   +   (boots unavailable)
Stlth    +.........             w - +2 amulet of reflection
HPRegen  0.32/turn              L - +5 ring of intelligence
MPRegen  0.19/turn              I - +3 ring of evasion

@: mighty, blade hands (expiring), very slightly contaminated
A: large, unfitting armour, tough skin 1
a: End Transformation, Minor Destruction, Lesser Servant of Makhleb, Major
Destruction, Renounce Religion


You were in a Gauntlet.
You worshipped Makhleb.
Makhleb was greatly pleased with you.
You were not hungry.
You had blades for hands.
You visited 3 branches of the dungeon, and saw 14 of its levels.
You also visited: Sewer and Gauntlet.

You collected 929 gold pieces.
You spent 39 gold pieces at shops.

Inventory:

Missiles
 a - 284 arrows
 e - 335 stones (quivered)
 u - 64 sling bullets
Armour
 G - a +1 robe (worn)
 S - the +1 cloak of Intercession (worn) {*Contam rF++ rC+ rCorr}
   (You found it in a Gauntlet)

   It greatly protects you from fire.
   It protects you from cold.
   It causes magical contamination when unequipped.
   It provides partial protection from all sources of acid and corrosion.
Jewellery
 b - an uncursed ring of protection from cold
 n - an uncursed ring of flight
 w - a +2 amulet of reflection (around neck)
 D - an uncursed ring of positive energy
 F - an uncursed ring of protection from magic
 I - a +3 ring of evasion (right scythe-like blade)
 L - a +5 ring of intelligence (left scythe-like blade)
Wands
 o - a wand of iceblast (25)
 s - a wand of random effects (17)
 y - a wand of disintegration (18)
 Q - a wand of paralysis (3)
Scrolls
 f - 2 scrolls of enchant armour
 i - 5 scrolls of remove curse
 j - 12 scrolls of teleportation
 p - a scroll of fear {unknown}
 q - a scroll of magic mapping
 r - a scroll of amnesia {unknown}
 x - a scroll of fog {unknown}
 A - 2 scrolls of blinking
 B - a scroll of immolation
 C - a scroll of brand weapon {unknown}
 H - 2 scrolls of noise {unknown}
 M - a scroll of vulnerability {unknown}
 N - a scroll of silence {unknown}
 P - a scroll of random uselessness {unknown}
 R - a scroll of torment {unknown}
Potions
 c - 4 potions of curing
 g - a potion of experience {unknown}
 h - 3 potions of heal wounds
 k - 3 potions of might
 l - 3 potions of cancellation
 m - 6 potions of flight
 t - a potion of mutation
 v - 8 potions of agility
 z - 3 potions of brilliance
 E - a potion of ambrosia {unknown}
 J - 2 potions of haste {unknown}
 K - a potion of lignification
 O - a potion of invisibility {unknown}
Comestibles
 d - 24 rations


   Skills:
 + Level 11.8 Fighting
 - Level 1.7 Dodging
 * Level 12.0 Unarmed Combat
 - Level 8.0 Spellcasting
 + Level 8.7 Transmutations
 - Level 5.0 Ice Magic
 - Level 1.0 Poison Magic
 - Level 4.0 Invocations


You had 12 spell levels left.
You knew the following spells:

 Your Spells              Type           Power        Failure   Level  Hunger
a - Beastly Appendage     Tmut           #####.       9%          1    None
b - Sticks to Snakes      Tmut           #####...     10%         2    None
c - Spider Form           Tmut/Pois      ####......   24%         3    None
d - Ice Form              Ice/Tmut       #####...     30%         4    ###....
e - Blade Hands           Tmut           #####.....   34%         5    #####..

Your spell library contained the following spells:

 Spells                   Type           Power        Failure   Level  Hunger
 Corona                   Hex            #......      38%         1    None
 Slow                     Hex            #.......     47%         2    None
 Inner Flame              Hex/Fire       #.......     63%         3    None
 Portal Projectile        Hex/Tloc       #.....       63%         3    None
 Cause Fear               Hex            #.........   90%         4    ###....
 Leda's Liquefaction      Hex/Erth       #.........   90%         4    ###....


Dungeon Overview and Level Annotations

Branches:
Dungeon (11/15)            Temple (1/1) D:6            Lair (2/6) D:11
 Shoals (0/4) Lair:2          Orc (0/2) D:9
  Snake: Lair:2-4    Spider: Lair:2-4

Altars:
Ashenzari
Cheibriados
Dithmenos
Elyvilon
Fedhas
Gozag
Hepliaklqana
Kikubaaqudgha
Makhleb
Nemelex Xobeh
Okawaru
Qazlal
Ru
Sif Muna
Trog
Uskayaw
Vehumet
Wu Jian
Xom
Yredelemnul
Zin
The Shining One
Jiyva

Shops:
D:8 !   D:9 ?

Annotations:
D:6 exclusion: upstairs
D:7 exclusion: upstairs
Lair:1 3 runed translucent doors, Zero's ghost, journeyman GnTm Gauntlet 12 transporters, exclusions: 2 lightning spires and obsidian statue


Innate Abilities, Weirdness & Mutations

You are too large for most types of armour.
You have tough skin. (AC +1)


Message History

The minotaur blocks your attack.
The minotaur hits you with the +6 war axe of Gucihoclooth {flame, rElec}!!
* * * LOW HITPOINT WARNING * * *
The minotaur burns you.
* * * LOW HITPOINT WARNING * * *
The minotaur hits your adder with the +6 war axe of Gucihoclooth {flame, rElec}!!
The minotaur burns your adder.
Your adder dies!
The minotaur hits your adder with the +6 war axe of Gucihoclooth {flame, rElec}!!
The minotaur burns your adder.
Your adder dies!
The minotaur gores you!
* * * LOW HITPOINT WARNING * * *
Your ball python barely misses the minotaur.
The minotaur blocks your ball python's attack.
The minotaur throws a silver javelin.
The silver javelin pierces through your ball python!!
Your ball python dies!
The silver javelin pierces through you!!
You die...

#....#...#....# #.#..#8.8#..#.#
#.#..##H##..#.# #.......S.....#
#.#.##.#.##(#.# #.#...(#....#.#
###.#.#######H#.###
#≈...............§#
####8..©.©.©.©.©@©..8#### ### ###
#8##≈.....(.........≈##8# #8# #8#
#################################
...........≈∩≈...................
.................................
.###########.###########.########
.#...=©$).8#.#..*!©.)..#.#..[(©.s
.#.###8..#h#.#.PP...PP.#.#.#.....
.#.#...###.#.#.P#PPP#..#.#.##...#


You could see a minotaur, a wretched star, a raiju and a lightning spire.

Vanquished Creatures
  3 two-headed ogres
  Sonja (Lair:2)
  An unseen horror (D:10)
  An ugly thing (D:10)
  2 wolf spiders (Lair:1)
  2 spiny frogs (Lair:1)
  3 komodo dragons
  A kobold demonologist (D:9)
  An ice devil (Gauntlet)
  A troll (D:10)
  A queen bee (Gauntlet)
  Grinder (D:3)
  3 hornets
  6 hippogriffs
  3 slime creatures (Gauntlet)
  A shadow (D:11)
  18 yaks
  A basilisk (Lair:1)
  A hungry ghost (D:7)
  A soldier ant (D:11)
  3 water moccasins
  3 porcupines
  Purgy (Sewer)
  2 black bears (D:9)
  2 ice beasts
  A phantom (D:10)
  3 orc warriors
  2 ogres
  2 sky beasts
  11 centaurs
  2 necrophages (D:8)
  2 crocodiles (Lair:1)
  6 big kobolds
  11 bullfrogs
  A wyvern zombie (D:11)
  2 scorpions
  11 killer bees
  7 wights
  2 howler monkeys (D:9)
  5 crimson imps
  3 centaur zombies
  A quasit (D:8)
  A bullfrog zombie (D:6)
  3 hounds
  6 jellies
  7 orc priests
  2 bullfrog skeletons
  3 centaur skeletons
  7 orc wizards
  Jessica (D:3)
  2 iguanas
  Natasha (thrice) (D:3)
  9 worker ants
  2 worker ant zombies
  4 gnolls (D:6)
  20 adders
  4 shadow imps
  5 oozes (D:8)
  3 worms
  6 leopard geckos
  30 orcs
  10 ball pythons
  6 bats
  15 giant cockroaches
  8 goblins
  11 hobgoblins
  3 jackals (D:4)
  10 quokkas
  A ball python skeleton (D:4)
  6 frilled lizards
  A jackal zombie (D:5)
  22 kobolds
  A leopard gecko skeleton (D:8)
  A quokka skeleton (D:7)
  A quokka zombie (D:9)
  10 rats
359 creatures vanquished.

Vanquished Creatures (collateral kills)
  6 killer bees
  Ijyb (D:3)
  2 adders (D:2)
  A goblin (D:2)
  A kobold (D:3)
11 creatures vanquished.

Vanquished Creatures (others)
  2 demonic plants (Gauntlet)
  6 fungi (Lair:1)
  7 plants (Lair:1)
15 creatures vanquished.

Grand Total: 385 creatures vanquished

Notes
Turn   | Place    | Note
-------+----------+-------------------------------------------
     0 | D:1      | 1994 the Ogre Transmuter began the quest for the Orb.
     0 | D:1      | Reached XP level 1. HP: 19/19 MP: 3/3
   221 | D:1      | Reached XP level 2. HP: 28/28 MP: 3/5
   228 | D:1      | Learned a level 2 spell: Sticks to Snakes
   413 | D:1      | Reached skill level 3 in Unarmed Combat
   726 | D:1      | Reached XP level 3. HP: 33/35 MP: 5/7
   731 | D:1      | Learned a level 3 spell: Spider Form
  1524 | D:2      | You fall into a shaft and drop 1 floor!
  2161 | D:2      | Reached XP level 4. HP: 39/44 MP: 6/8
  2531 | D:2      | Reached skill level 1 in Poison Magic
  2757 | D:2      | Found a deep blue altar of Sif Muna.
  3253 | D:3      | Noticed Natasha
  3259 | D:3      | Killed Natasha
  3270 | D:3      | Noticed Natasha
  3277 | D:3      | Killed Natasha
  3277 | D:3      | Reached XP level 5. HP: 45/53 MP: 4/9
  3280 | D:3      | Found an ornate altar of the Wu Jian Council.
  3614 | D:3      | Noticed Ijyb
  3627 | D:3      | Killed Ijyb
  3657 | D:3      | Noticed Natasha
  3664 | D:3      | Killed Natasha
  3664 | D:3      | Reached skill level 4 in Unarmed Combat
  3775 | D:3      | Learned a level 4 spell: Ice Form
  3847 | D:3      | Reached XP level 6. HP: 51/61 MP: 9/11
  4121 | D:3      | Found a shadowy altar of Dithmenos.
  4123 | D:3      | Noticed Jessica
  4135 | D:3      | Killed Jessica
  4191 | D:3      | Noticed Grinder
  4204 | D:3      | Paralysed by Grinder for 2 turns
  4210 | D:3      | Killed Grinder
  4210 | D:3      | Reached skill level 1 in Ice Magic
  4210 | D:3      | Reached XP level 7. HP: 53/68 MP: 7/13
  4711 | D:4      | Found a bloodstained altar of Trog.
  5234 | D:4      | Upgraded the game from 0.24-a0-493-g7e4ddcd485 to
                  | 0.24-a0-496-gbe733cd003
  5472 | D:5      | Entered Level 5 of the Dungeon
  5668 | D:5      | Reached skill level 5 in Unarmed Combat
  5860 | D:5      | Reached XP level 8. HP: 36/79 MP: 14/14
  6268 | D:5      | Learned a level 5 spell: Blade Hands
  6607 | D:5      | Found a basalt altar of Yredelemnul.
  6726 | D:6      | Found a radiant altar of Vehumet.
  6726 | D:6      | Found a burning altar of Makhleb.
  6726 | D:6      | Found a stormy altar of Qazlal.
  6731 | D:6      | Became a worshipper of Makhleb the Destroyer
  6872 | D:6      | Reached skill level 5 in Fighting
  6892 | D:6      | Reached skill level 5 in Spellcasting
  7013 | D:6      | Reached skill level 6 in Unarmed Combat
  7294 | D:6      | Found a glowing drain.
  7307 | D:6      | Reached * piety under Makhleb
  7316 | Sewer    | Entered a sewer
  7449 | Sewer    | Noticed Purgy
  7467 | Sewer    | Killed Purgy
  8259 | D:6      | Reached XP level 9. HP: 82/89 MP: 17/17
  8359 | D:7      | Found a white marble altar of Elyvilon.
  8518 | D:7      | Found a shadowy altar of Dithmenos.
  8519 | D:7      | Found a sacrificial altar of Ru.
  9397 | D:7      | Found an opulent altar of Gozag.
  9399 | D:7      | Found a glowing silver altar of Zin.
  9454 | D:7      | Reached skill level 7 in Unarmed Combat
  9596 | D:7      | Reached skill level 5 in Transmutations
  9906 | D:6      | Found a staircase to the Ecumenical Temple.
  9914 | Temple   | Entered the Ecumenical Temple
 10139 | D:8      | Found Doph's Distillery.
 10158 | D:8      | Noticed a two-headed ogre
 10186 | D:8      | Killed a two-headed ogre
 10400 | D:8      | Reached skill level 5 in Ice Magic
 10400 | D:8      | Reached XP level 10. HP: 51/102 MP: 15/20
 10645 | D:8      | Reached skill level 8 in Unarmed Combat
 10859 | D:8      | Bought a potion of lignification for 39 gold pieces
 11373 | D:8      | Reached ** piety under Makhleb
 11719 | D:9      | Found a shimmering altar of Xom.
 11720 | D:9      | Found a shimmering altar of Xom.
 11721 | D:9      | Found a shimmering altar of Xom.
 11723 | D:9      | Found a shimmering altar of Xom.
 11724 | D:9      | Found a shimmering altar of Xom.
 11786 | D:9      | Noticed a kobold demonologist
 11806 | D:9      | Killed a kobold demonologist
 11914 | D:9      | Found Duneif Mesku's Magic Scroll Boutique.
 11997 | D:9      | Noticed a two-headed ogre
 12175 | D:9      | Reached *** piety under Makhleb
 12368 | D:9      | Reached skill level 1 in Invocations
 12433 | D:9      | Reached skill level 9 in Unarmed Combat
 12550 | D:9      | Found a staircase to the Orcish Mines.
 12636 | D:9      | Noticed a guardian serpent
 12689 | D:9      | Killed a two-headed ogre
 12727 | D:9      | Noticed a harpy
 12765 | D:10     | Entered Level 10 of the Dungeon
 12773 | D:10     | Noticed a two-headed ogre
 12783 | D:9      | Reached XP level 11. HP: 14/113 MP: 15/22
 13681 | D:10     | Killed an unseen horror
 13800 | D:10     | Killed a two-headed ogre
 13840 | D:10     | Noticed a cyan ugly thing
 13846 | D:10     | Killed a cyan ugly thing
 13952 | D:10     | Reached skill level 10 in Unarmed Combat
 14397 | D:10     | Reached **** piety under Makhleb
 14504 | D:11     | Found a staircase to the Lair.
 14698 | D:11     | Reached skill level 10 in Fighting
 15198 | D:11     | Reached XP level 12. HP: 127/127 MP: 20/24
 15355 | D:11     | Reached skill level 11 in Unarmed Combat
 16006 | Lair:1   | Entered Level 1 of the Lair of Beasts
 16021 | Lair:1   | Found a runed translucent gate.
 16022 | Lair:1   | Found a runed translucent gate.
 16023 | Lair:1   | Found a runed translucent gate.
 16025 | Lair:1   | Found a viscous altar of Jiyva.
 16025 | Lair:1   | Noticed Zero's ghost (journeyman GnTm)
 16026 | Lair:1   | Noticed a death ooze
 16102 | Lair:1   | Reached ***** piety under Makhleb
 16853 | Lair:2   | Found a staircase to the Shoals.
 16866 | Lair:2   | Noticed Sonja
 16874 | Lair:2   | Killed Sonja
 16885 | Lair:2   | Found a gate leading to a gauntlet.
 16897 | Gauntlet | Entered a Gauntlet
 16897 | Gauntlet | Found a transporter.
 16907 | Gauntlet | Found a transporter.
 16922 | Gauntlet | Found a transporter.
 16927 | Gauntlet | Found a transporter.
 16941 | Gauntlet | Noticed a reaper
 16942 | Gauntlet | Found a transporter.
 16961 | Gauntlet | Found a transporter.
 16973 | Gauntlet | Found a transporter.
 16973 | Gauntlet | Noticed a wretched star
 16985 | Gauntlet | Found a transporter.
 16997 | Gauntlet | Found a transporter.
 17009 | Gauntlet | Found a transporter.
 17009 | Gauntlet | Noticed a blizzard demon
 17026 | Gauntlet | Found a transporter.
 17043 | Gauntlet | Found a transporter.
 17045 | Gauntlet | Found a transporter.
 17070 | Gauntlet | Found a transporter.
 17072 | Gauntlet | Found a transporter.
 17092 | Gauntlet | Found a transporter.
 17170 | Gauntlet | Found a transporter.
 17190 | Gauntlet | Found a transporter.
 17567 | Gauntlet | Reached skill level 12 in Unarmed Combat
 17645 | Gauntlet | Noticed a two-headed ogre
 17688 | Gauntlet | a two-headed ogre changed into a glowing orange brain
 18170 | Gauntlet | Got an ancient cloak
 18284 | Gauntlet | Identified the +1 cloak of Intercession {*Contam rF++ rC+
                  | rCorr} (You found it in a Gauntlet)
 18328 | Gauntlet | Identified the +6 war axe of Gucihoclooth {flame, rElec}
 18328 | Gauntlet | Identified the ring of the Turtledove {rPois rF+ Dex+4}
 18328 | Gauntlet | Noticed a minotaur
 18357 | Gauntlet | Hit by a silver javelin thrown by a minotaur

Levels and vault maps discovered:
D:1:      lemuel_arrival_river_passageway, layout_basic, feat_on_display
D:2:      minmay_razor_zed, layout_basic, overflow_temple_1_default,
          first_ration
D:3:      layout_rooms, lemuel_crystal_altar, hangedman_abyss_or_decor_stabs,
          nicolae_dithmenos_shadow_blocks, uniq_natasha, uniq_jessica,
          uniq_ijyb, uniq_grinder
D:4:      layout_basic, lightli_temple_of_fire
D:5:      layout_loops_corners, nicolae_overflow_hidden_temple
D:6:      layout_loops_ring, gammafunk_temple_overflow_forgotten,
          minmay_temple_entry_from_below_b, portal_sewer_entry_f
D:7:      layout_basic, grunt_temple_overflow_gold_and_silver,
          gammafunk_temple_overflow_pools, elyvilon_altar_3
D:8:      layout_loops_ring, serial_shops, nicolae_shop_statue_plus,
          hangedman_little_slice_of_home, grunt_ministairs_6, kennysheep_path_1,
          minmay_misc_feat_secret_circle, kennysheep_generic_room_9
D:9:      layout_loops_corners, orc_0_dummy, serial_shops, kennysheep_mini,
          kennysheep_another_room, xom_shifter_show
D:10:     layout_loops_ring, minmay_misc_feat_plants
D:11:     layout_stronghold, lair_entry_dummy
Temple:   cyrus_temple_forest
Lair:1:   minmay_lair_venomous_thicket, layout_misc_corridors,
          gammafunk_ghost_ooze, uniq_gastronok
Lair:2:   layout_chaotic_city, elwin_shoals_entry_rocks, gauntlet_entry_generic,
          grunt_megastairs_1, uniq_sonja
Gauntlet: gammafunk_gauntlet_one_two_three [nicolae_gauntlet_arena_t_cross,
          nicolae_gauntlet_arena_blocks, nicolae_gauntlet_arena_flowing_pool,
          gammafunk_gauntlet_arena_corners, gammafunk_gauntlet_arena_split_x,
          gammafunk_gauntlet_arena_hedges, nicolae_gauntlet_arena_grate_2,
          gammafunk_gauntlet_arena_open, nicolae_gauntlet_arena_x,
          nicolae_gauntlet_exit_dead_adventurers]

Skill      XL: |  1  2  3  4  5  6  7  8  9 10 11 12 |
---------------+-------------------------------------+-----
Transmutations | 2 3 4 5 6 7 8 |  8.7
Unarmed Combat | 3 4 5 6 7 9 10 12 | 12.0
Fighting       | 2 3 4 5 7 8 10 11 | 11.8
Spellcasting   | 3 4 5 6 7 8 |  8.0
Poison Magic   | 1 |  1.0
Ice Magic      | 1 3 5 |  5.0
Invocations    | 2 4 |  4.0
Dodging        | |  1.7

Action                   |  1- 3 |  4- 6 |  7- 9 | 10-12 || total
-------------------------+-------+-------+-------+-------++-------
Melee: Unarmed           |   185 |   177 |   352 |   566 ||  1280
       Headbutt          |     6 |     7 |    11 |       ||    24
       Kick              |    13 |     2 |    14 |     9 ||    38
       Punch             |       |     1 |     4 |     5 ||    10
Throw: Stone             |       |     5 |     1 |       ||     6
 Cast: Beastly Appendage |    21 |    13 |    20 |     3 ||    57
       Sticks to Snakes  |     1 |    10 |       |     8 ||    19
       Spider Form       |     1 |     5 |     7 |     1 ||    14
       Ice Form          |       |       |     9 |    41 ||    50
       Blade Hands       |       |       |       |     1 ||     1
Invok: Minor Destruction |       |       |       |    54 ||    54
       Lesser Servant of |       |       |       |     5 ||     5
Evoke: Wand              |       |       |     3 |    13 ||    16
  Use: Scroll            |       |       |     8 |     8 ||    16
       Potion            |       |       |       |     4 ||     4
 Stab: Sleeping          |       |       |       |     1 ||     1
       Paralysed         |       |       |       |     2 ||     2
  Eat: Chunk             |     5 |     7 |    12 |    22 ||    46
       Ration            |       |       |     3 |     3 ||     6
Armor: Robe              |    63 |    35 |    36 |    19 ||   153
       Skin              |       |       |    45 |   112 ||   157
Dodge: Dodged            |    85 |    93 |   184 |   330 ||   692
Block: Other             |       |       |    15 |    37 ||    52

Table legend:
 A = Non-vault XP
 B = Vault XP
 C = Vault XP percentage of total XP
 D = Non-vault monster count
 E = Vault monster count
 F = Vault count percentage of total count
                 A         B        C        D         E       F
            +---------+---------+-------+---------+---------+-------
      Total |   22968 |    5466 |  19.2 |     304 |      66 |  17.8
            +---------+---------+-------+---------+---------+-------
        D:1 |      49 |       0 |   0.0 |      28 |       0 |   0.0
        D:2 |      42 |      38 |  47.5 |      18 |      12 |  40.0
        D:3 |     158 |     388 |  71.1 |      24 |       4 |  14.3
        D:4 |     193 |       0 |   0.0 |      18 |       0 |   0.0
        D:5 |     480 |       0 |   0.0 |      14 |       0 |   0.0
        D:6 |     853 |      13 |   1.5 |      23 |       6 |  20.7
        D:7 |    1175 |       0 |   0.0 |      19 |       0 |   0.0
        D:8 |    1851 |     376 |  16.9 |      13 |      12 |  48.0
        D:9 |    3546 |       0 |   0.0 |      40 |       0 |   0.0
       D:10 |    4932 |       0 |   0.0 |      39 |       0 |   0.0
       D:11 |    6125 |       0 |   0.0 |      49 |       0 |   0.0
     Lair:1 |    2249 |    2744 |  55.0 |      13 |      16 |  55.2
     Lair:2 |     547 |     788 |  59.0 |       3 |       1 |  25.0
      Sewer |       0 |     152 | 100.0 |       0 |       6 | 100.0
   Gauntlet |     768 |     967 |  55.7 |       3 |       9 |  75.0
            +---------+---------+-------+---------+---------+-------
